AoeStats
← 速上1500

Arena

505663984Analyzed
1v1 RM · 23d ago on Sep 10, 2026· 36m 28s· 2 players
Game mode
Random Map
Map size
Tiny (2 player)
Population
200
Speed
Normal
Resources
Standard
Victory
Conquest
Starting age
Dark Age
Ending age
Imperial Age
RankedLock teamsTeams togetherTeam positionsShared explorationLock speedFull tech treeHidden civsTurbo modeCheats
Victory
Defeat
🇭🇰 Cumans · Hong Kong SAR China
1505
+14
🇺🇸 Lithuanians · United States
1461
-14
SilverAflame
11:11 Feudal Age
14:11 Horse Collar
14:17 Double-Bit Axe
16:32 Castle Age
17:43 Heavy Plow
27:36 Loom
速上1500
8:32 Feudal Age
8:57 Loom
9:15 Double-Bit Axe
22:03 Fletching
22:52 Scale Barding Armor
24:23 Horse Collar
26:10 Bloodlines
31:13 Forging
31:00 Town Watch
32:29 Padded Archer Armor
32:55 Gold Mining
33:44 Wheelbarrow
Connection lost

Rejoining the realm…

Still unreachable

The connection could not be restored.

Session expired

The server has moved on; the page needs a fresh start.